 Dungeon Crawl Stone Soup version 0.24-a0-182-gc7eaa07895 (webtiles) character file.

Game seed: 10113667338726813718

155 MrRokkomies the Vexing (level 5, 0/33 HPs)
             Began as an Octopode Arcane Marksman on Mar 15, 2019.
             Slain by an orc
             ... wielding a +0 hand axe
              (6 damage)
             ... on level 2 of the Dungeon.
             The game lasted 00:12:18 (3337 turns).

MrRokkomies the Vexing (Octopode Arcane Marksman)   Turns: 3337, Time: 00:12:19

Health: 0/33       AC:  1    Str:  9    XL:     5   Next: 37%
Magic:  6/6        EV: 13    Int: 16    God:
Gold:   195        SH:  0    Dex: 13    Spells: 3/6 levels left

rFire    . . .     SeeInvis .   a - +0 dagger (speed)
rCold    . . .     Gourm    .   (no shield)
rNeg     . . .     Faith    .   (helmet restricted)
rPois    .         Spirit   .   (no amulet)
rElec    .         Reflect  .   (no ring)
rCorr    .         Harm     .   (no ring)
MR       .....                  (no ring)
Stlth    +++.......             (no ring)
HPRegen  0.11/turn              (no ring)
MPRegen  0.10/turn              (no ring)
                                (no ring)
                                (no ring)

@: no status effects
A: almost no armour, stealthy swim, amphibious, 8 rings, constrict 8, camouflage
1, gelatinous body 1
a: no special abilities


You were on level 2 of the Dungeon.
You were very hungry.

You visited 1 branch of the dungeon, and saw 3 of its levels.

You collected 195 gold pieces.

Inventory:

Hand Weapons
 a - a +0 dagger of speed (weapon)
 b - a +1 hand crossbow
Wands
 f - a wand of acid (5)
Scrolls
 m - a scroll of identify
Potions
 g - a potion of cancellation
 i - a potion of invisibility
 j - a potion of flight {unknown}
 k - a potion of berserk rage {unknown}
 l - a potion of degeneration {unknown}
Comestibles
 d - 2 rations


   Skills:
 - Level 1.0 Fighting
 * Level 3.7 Crossbows
 - Level 2.0 Dodging
 + Level 2.8 Stealth
 - Level 1.0 Spellcasting
 * Level 4.3 Hexes


You had 3 spell levels left.
You knew the following spells:

 Your Spells              Type           Power        Failure   Level  Hunger
a - Corona                Hex            ##.....      3%          1    ##.....
b - Slow                  Hex            ##......     6%          2    ###....

Your spell library contained the following spells:

 Spells                   Type           Power        Failure   Level  Hunger
 Inner Flame              Hex/Fire       #.......     28%         3    ####...
 Portal Projectile        Hex/Tloc       #.....       28%         3    ####...
 Cause Fear               Hex            ##........   36%         4    #####..
 Leda's Liquefaction      Hex/Erth       #.........   67%         4    #####..


Dungeon Overview and Level Annotations

Branches:
Dungeon (3/15)

Altars:
Wu Jian

Annotations:
D:3 1 runed translucent door, Crazy Yiuf


Innate Abilities, Weirdness & Mutations

You cannot wear most types of armour.
You are very stealthy in the water. (Stealth+)
You are amphibious.
You can wear up to eight rings at the same time.
You can use your tentacles to constrict eight enemies at once.
Your skin changes colour to match your surroundings (Stealth+).
Your rubbery body absorbs attacks. (AC +1, EV +1)


Message History

Reactivating autopickup.
There is a stone staircase leading down here.
Okay, then.
Unknown command.
Firing (i - inventory)
c - a bolt (quivered)
Press: ? - help, Shift-Dir - straight line, f - orc
Aim: an orc, wielding a +0 hand axe and wearing a +0 ring mail (lightly wounded)
You shoot a bolt. The bolt closely misses the orc.
The orc barely misses you.
Your tentacles tingle!
a - a +0 dagger of speed (weapon)
You barely miss the orc. Your grab misses the orc.
The orc is lightly wounded.
The orc closely misses you.
You hit the orc but do no damage. Your grab misses the orc.
The orc is lightly wounded.
You hit the orc but do no damage. You grab the orc.
The orc is lightly wounded.
You constrict the orc, but do no damage.
The orc hits you with a +0 hand axe.
You die...

......................#####
......#.................#
###.#.#..............##.###
....#.....................#
..................<#...####
###>....).#..........#.#
......#...##...........#
#.#.#.#..............###
#...#.##..##....@..########
#####.##..##.###o.........#
###.##......####.#####.##
#.......##### #.# #.#
#.#.##.## #.# #.# #...##.#
#.# #.# ######.# #.#####.#
#.# #.......# ### #######.#


You could see an orc.

Vanquished Creatures
  Robin (D:3)
  3 adders
  2 gnolls (D:2)
  An ooze (D:1)
  A worm (D:2)
  A dart slug (D:1)
  2 leopard geckos (D:1)
  2 ball pythons
  5 giant cockroaches
  11 goblins
  9 hobgoblins
  14 jackals
  9 kobolds
  10 bats
  4 frilled lizards (D:2)
  4 rats
79 creatures vanquished.

Notes
Turn   | Place    | Note
-------+----------+-------------------------------------------
     0 | D:1      | MrRokkomies the Octopode Arcane Marksman began the quest
                  | for the Orb.
     0 | D:1      | Reached XP level 1. HP: 13/13 MP: 2/2
   204 | D:1      | Reached XP level 2. HP: 18/18 MP: 3/3
   268 | D:1      | Reached skill level 1 in Stealth
   534 | D:1      | Reached XP level 3. HP: 21/23 MP: 4/4
   786 | D:1      | Learned a level 2 spell: Slow
  1095 | D:2      | Found an ornate altar of the Wu Jian Council.
  1189 | D:2      | HP: 1/23 [gnoll/cursed -3 spear (7)]
  1957 | D:2      | Reached XP level 4. HP: 23/28 MP: 5/5
  2435 | D:2      | Reached skill level 4 in Hexes
  2609 | D:3      | Found a runed translucent door.
  2610 | D:3      | Noticed Crazy Yiuf
  3169 | D:3      | Noticed Robin
  3176 | D:3      | Reached XP level 5. HP: 21/33 MP: 6/6
  3176 | D:3      | Killed Robin
  3337 | D:2      | Slain by an orc

Levels and vault maps discovered:
D:1:      eino_arrival_water_star, layout_basic, minmay_small_reverse_x
D:2:      layout_basic, overflow_temple_1_default, first_ration
D:3:      layout_basic, lemuel_blue_sif_altar, uniq_crazy_yiuf_cottage,
          uniq_robin

Skill      XL: |  1  2  3  4 |
---------------+-------------+-----
Stealth        | 1 2 |  2.8
Crossbows      | 3 |  3.7
Hexes          | 4 |  4.3
Fighting       | |  1.0
Dodging        | |  2.0
Spellcasting   | |  1.0

Action                   |  1- 3 |  4- 6 || total
-------------------------+-------+-------++-------
Melee: Unarmed           |    12 |       ||    12
       Tentacles         |     8 |    16 ||    24
       Constrict         |    14 |    20 ||    34
       Dagger            |    47 |    46 ||    93
       Short sword       |    11 |       ||    11
       Trident           |     9 |    44 ||    53
 Fire: Hand crossbow     |    38 |    38 ||    76
 Cast: Slow              |       |     2 ||     2
Evoke: Wand              |       |     2 ||     2
  Use: Scroll            |     3 |     7 ||    10
       Potion            |       |     2 ||     2
 Stab: Sleeping          |     7 |     5 ||    12
  Eat: Chunk             |     1 |     2 ||     3
       Ration            |     1 |       ||     1
Armor: Skin              |    11 |    10 ||    21
Dodge: Dodged            |    82 |    78 ||   160

Table legend:
 A = Non-vault XP
 B = Vault XP
 C = Vault XP percentage of total XP
 D = Non-vault monster count
 E = Vault monster count
 F = Vault count percentage of total count
                 A         B        C        D         E       F
            +---------+---------+-------+---------+---------+-------
      Total |     181 |      41 |  18.5 |      67 |      12 |  15.2
            +---------+---------+-------+---------+---------+-------
        D:1 |      31 |      12 |  27.9 |      15 |       4 |  21.1
        D:2 |      83 |       2 |   2.4 |      27 |       1 |   3.6
        D:3 |      67 |      27 |  28.7 |      25 |       7 |  21.9
            +---------+---------+-------+---------+---------+-------
